 Dungeon Crawl Stone Soup version 0.31-a0-44-g49d609d0da (webtiles) character file.

Game seed: 15464890434858989186

683 senseless the Shield-Bearer (level 7, -6/54 HPs)
             Began as a Djinni Fighter on May 20, 2023.
             Was an Elder of Cheibriados.
             Killed from afar by a white imp (12 damage)
             ... with a puff of frost
             ... on level 4 of the Dungeon.
             The game lasted 00:08:57 (3443 turns).

senseless the Shield-Bearer (Djinni Fighter)        Turns: 3443, Time: 00:08:58

Health: -6/54      AC:  5    Str: 26    XL:     7   Next: 93%
Gold:   133        EV: 10    Int: 18    God:    Cheibriados [****..] SH:  6 Dex: 22

rFire   + + .        a - +0 long sword
rCold   x . .        c - +0 buckler
rNeg    + . .        r - +1 leather armour of Kyel {rN+ Regen+}
rPois   ∞            (no helmet)
rElec   .            n - +0 cloak
rCorr   .            (no gloves)
SInv    +            (boots unavailable)
Will    .....        (no amulet)
Stlth   ++           A - ring of see invisible
HPRegen 1.09/turn    (no ring)
MPRegen 0.00/turn

%: infuse magic (-7 HP)
@: mighty, flying, very slow
A: sickness immunity, fire resistance 2, cold vulnerability 1, float, innate
caster, HP casting, extra vitality 1
a: Renounce Religion, Bend Time, Temporal Distortion, Slouch


You were on level 4 of the Dungeon.
You worshipped Cheibriados.
Cheibriados was greatly pleased with you.
You visited 1 branch of the dungeon, and saw 4 of its levels.

You collected 133 gold pieces.

Inventory:

Hand Weapons
 a - a +0 long sword (weapon)
 x - a +0 whip of electrocution
 y - a +0 short sword of protection
Missiles
 m - 3 atropa-tipped darts (quivered)
Armour
 b - a +0 scale mail
 c - a +0 buckler (worn)
 n - a +0 cloak (worn)
 r - the +1 leather armour of Kyel (worn) {rN+ Regen+}
   (You found it on level 2 of the Dungeon)

   rN:        It protects you from negative energy.
   Regen:     It increases your rate of health regeneration.
Jewellery
 A - a ring of see invisible (left hand)
Scrolls
 e - 5 scrolls of identify {unknown}
 h - a scroll of silence {unknown}
 i - 2 scrolls of enchant weapon {unknown}
 p - a scroll of fog {unknown}
 s - a scroll of immolation {unknown}
 t - 4 scrolls of teleportation {unknown}
 v - a scroll of brand weapon {unknown}
 w - a scroll of summoning {unknown}
 z - a scroll of poison {unknown}
Potions
 f - a potion of lignification {unknown}
 g - 3 potions of curing {unknown}
 j - 2 potions of ambrosia {unknown}
 k - 2 potions of heal wounds {unknown}
 l - a potion of haste {unknown}
 o - 2 potions of brilliance {unknown}
 q - 2 potions of attraction {unknown}
 u - 2 potions of degeneration {unknown}
 B - a potion of magic {unknown}


   Skills:
 + Level 5.0 Fighting
 + Level 4.0 Long Blades
 + Level 5.0 Armour
 + Level 5.0 Shields


You knew the following spells:

 Your Spells              Type           Power      Damage    Failure   Level
a - Summon Small Mammal   Summ           0%         N/A       28%         1
b - Ensorcelled Hibernat  Hex/Ice        0%         N/A       41%         2
c - Passwall              Tmut/Erth      0%         N/A       41%         2
Your spell library was empty.

Dungeon Overview and Level Annotations

Branches:
Dungeon (4/15)
 Temple: D:4-7

Altars:
Cheibriados
Makhleb
Qazlal
Wu Jian


Innate Abilities, Weirdness & Mutations

You are immune to sickness and miasma.
You are immune to poison.
Your flesh is very heat resistant. (rF++)
You are vulnerable to cold. (rC-)
You float through the air rather than walking.
You learn spells naturally, not from books.
Your magical power is your life essence.
You have superior vitality. (+4 MHP)


Message History

The orc barely misses you.
Your Fighting skill increases to level 5!
Your Long Blades skill increases to level 4!
Your Armour skill increases to level 5!
Your Shields skill increases to level 5!
You closely miss the white imp. You block the hobgoblin's attack.
You block the orc's attack.
The white imp hits you but does no damage.
The orc hits you but does no damage.
You completely miss the white imp.
The hobgoblin hits you but does no damage.
You block the orc's attack.
The white imp sputters.
The white imp gestures at you. The puff of frost hits you!
You feel a terrible chill! The orc hits you but does no damage.
You hit the white imp but do no damage.
The hobgoblin hits you but does no damage.
The orc hits you with a +0 club. The orc hits you with a +0 hand axe.
The white imp gestures at you. The puff of frost hits you!
You feel a terrible chill!
* * * LOW HITPOINT WARNING * * *
You block the hobgoblin's attack. You block the orc's attack.
The orc closely misses you. The white imp closely misses you.
You barely miss the white imp. You block the hobgoblin's attack.
The orc barely misses you. The white imp gestures at you.
The puff of frost misses you. The orc hits you but does no damage.
You closely miss the white imp.
The hobgoblin hits you but does no damage.
The orc completely misses you. The white imp gestures at you.
The puff of frost hits you!
You feel a terrible chill!
* * * LOW HITPOINT WARNING * * *
You block the orc's attack.
You feel very mighty all of a sudden. You block the hobgoblin's attack.
The orc barely misses you. The white imp gestures at you.
The puff of frost hits you!
You feel a terrible chill!
You die...

##..##
#...#.......#####......
##..## #...##.....##
#####.. ##..##
#....##...## ##.
##..####....###.## ##
##...#..)...#..# #
##............#
#............#
##..#####...o.###
##..## ##.@5...# #...#
##og...... #..##
##....... #..## .......
#...#### ..?####
#......#### ..##
##........## ..#
########..# ..# ##.#
..# #####


You could see a white imp, 2 orcs and a hobgoblin.

Vanquished Creatures
  A centaur (D:4)
  2 phantoms (D:4)
  A crimson imp (D:4)
  3 hounds
  A jelly (D:4)
  2 orc priests
  Crazy Yiuf (D:2)
  An orc wizard (D:4)
  A gnoll (D:3)
  9 adders
  A worm (D:4)
  2 dart slugs
  9 orcs
  6 ball pythons
  An endoplasm (D:1)
  4 giant cockroaches
  7 goblins
  5 hobgoblins
  6 jackals
  7 kobolds
  7 quokkas
  7 bats
  A frilled lizard (D:1)
  3 rats
88 creatures vanquished.

Notes
Turn   | Place    | Note
-------+----------+-------------------------------------------
     0 | D:1      | senseless the Djinni Fighter began the quest for the Orb.
     0 | D:1      | Reached XP level 1. HP: 20/20 MP: 0/0
   316 | D:1      | Reached XP level 2. HP: 25/25 MP: 0/0
   475 | D:1      | Found a faded altar of an unknown god.
   483 | D:1      | Prayed at the altar of an unknown god.
   483 | D:1      | Became a worshipper of Cheibriados the Contemplative
   483 | D:1      | Reached * piety under Cheibriados
   828 | D:1      | Reached XP level 3. HP: 28/30 MP: 0/0
   828 | D:1      | Learned a level 1 spell: Summon Small Mammal
  1388 | D:2      | Reached ** piety under Cheibriados
  1418 | D:2      | Identified the +1 leather armour of Kyel {rN+ Regen+}
  1484 | D:2      | Reached XP level 4. HP: 35/35 MP: 0/0
  1793 | D:2      | Found a runed translucent door.
  1794 | D:2      | Noticed Crazy Yiuf
  1803 | D:2      | Killed Crazy Yiuf
  1804 | D:2      | Reached XP level 5. HP: 24/41 MP: 0/0
  1804 | D:2      | Learned a level 2 spell: Ensorcelled Hibernation
  1980 | D:3      | Found a faded altar of an unknown god.
  2004 | D:3      | Found an ornate altar of the Wu Jian Council.
  2182 | D:3      | Reached *** piety under Cheibriados
  2202 | D:3      | Reached XP level 6. HP: 41/47 MP: 0/0
  2720 | D:4      | Found a stormy altar of Qazlal.
  3012 | D:4      | Reached XP level 7. HP: 53/53 MP: 0/0
  3012 | D:4      | Learned a level 2 spell: Passwall
  3161 | D:4      | Found a burning altar of Makhleb.
  3211 | D:4      | Reached **** piety under Cheibriados
  3438 | D:4      | Reached skill level 5 in Fighting
  3438 | D:4      | Reached skill level 5 in Armour
  3438 | D:4      | Reached skill level 5 in Shields
  3443 | D:4      | Killed from afar by a white imp

Illustrated notes

Levels and vault maps discovered:
D:1:      evilmike_arrival_home_sweet_home, layout_basic,
          chequers_ecumenical_altar_simple, serial_co_window_serial,
          co_window_of_opportunity_a, co_window_corner_a,
          co_window_of_opportunity_a, co_window_paths_a, co_window_corner_a,
          co_window_corner_a, co_window_corner_a, co_window_2corner,
          co_window_corner_b, co_window_unsneaky_path_a, co_window_broadway_b,
          co_window_of_opportunity_c, co_window_broadway_b, co_window_2corner,
          co_window_paths_d
D:2:      layout_rooms, uniq_crazy_yiuf_cottage
D:3:      minmay_evil_eye, layout_basic, nicolae_overflow_ecumenical_swirl
D:4:      layout_layer_cave, grunt_temple_overflow_lords_of_destruction,
          lemuel_round_altar

Skill      XL: |  1  2  3  4  5  6  7 |
---------------+----------------------+-----
Long Blades    | 2 3 4 |  4.0
Armour         | 4 5 |  5.0
Fighting       | 4 5 |  5.0
Shields        | 4 5 |  5.0

Action                     |  1- 3 |  4- 6 |  7- 9 || total
---------------------------+-------+-------+-------++-------
  Melee: Long sword        |    86 |   184 |    90 ||   360
    Use: Potion            |       |     1 |     1 ||     2
   Stab: Sleeping          |       |     3 |     1 ||     4
 Armour: Scale mail        |    41 |       |       ||    41
         Leather armour    |     4 |    66 |    50 ||   120
  Dodge: Dodged            |    47 |    95 |    60 ||   202
  Block: Buckler           |    23 |    58 |    51 ||   132

Table legend: (Time is in decaauts)
 A = Elapsed time spent in this place.
 B = Non-inter-level travel time spent in this place.
 C = Inter-level travel time spent in this place.
 D = Time resting spent in this place.
 E = Time spent auto-exploring this place.
 F = Levels seen in this place.
 G = Mean time per level.
                   A        B        C        D        E       F      G
               +--------+--------+--------+--------+--------+-----+--------+
         Total |   4820 |   4730 |     90 |      2 |   3773 |   4 | 1205.0 |
       Dungeon |   4820 |   4730 |     90 |      2 |   3773 |   4 | 1205.0 |
               +--------+--------+--------+--------+--------+-----+--------+

Top non-repeatable levels by time:
     D:1: 1702 daAuts
     D:3: 1233 daAuts
     D:4: 1173 daAuts
     D:2: 710 daAuts
